 Dungeon Crawl Stone Soup version 0.28-a0-828-g0121872642 (webtiles) character file.

Game seed: 16026210040124003947

195 dracfodder the Chiller (level 5, 0/28 HPs)
             Began as a Gargoyle Ice Elementalist on Nov 10, 2021.
             Slain by Crazy Yiuf (10 damage)
             ... on level 3 of the Dungeon.
             The game lasted 00:20:21 (3635 turns).

dracfodder the Chiller (Gargoyle Ice Elementalist)  Turns: 3635, Time: 00:20:22

Health: 0/28       AC:  7    Str: 12    XL:     5   Next: 74%
Magic:  7/10       EV: 12    Int: 16    God:
Gold:   169        SH:  0    Dex: 10    Spells: 1/12 levels left

rFire   . . .      SeeInvis .   e - +2 halberd (venom)
rCold   . . .      Faith    .   (shield currently unavailable)
rNeg    + . .      Spirit   .   c - +0 robe
rPois   ∞          Reflect  .   (helmet restricted)
rElec   +          Harm     .   (no cloak)
rCorr   .          Rampage  .   (no gloves)
Will    .....      Clarity  +   h - +0 pair of boots
Stlth   ++........ Rnd*Tele +   (no amulet)
HPRegen 0.09/turn               (no ring)
MPRegen 0.12/turn               (no ring)

@: freezing walls
A: sickness immunity, AC +4, negative energy resistance 1, electricity
resistance, torment resistance 1, petrification resistance, horns 1, clarity,
low mp 1, teleportitis 1
a: no special abilities


You were on level 3 of the Dungeon.
You visited 1 branch of the dungeon, and saw 4 of its levels.

You collected 169 gold pieces.

Inventory:

Hand Weapons
 a - a +2 dagger of flaming
 b - a +0 hunting sling
 e - a +2 halberd of venom (weapon)
Missiles
 d - 5 curare-tipped darts
 g - 72 stones
 i - 11 bolts
 k - 18 sling bullets
Armour
 c - a +0 robe (worn)
 h - a +0 pair of boots (worn)
Potions
 f - a potion of mutation
 l - a potion of curing
 m - a potion of cancellation {unknown}


   Skills:
 + Level 0.6 Slings
 + Level 1.9 Dodging
 + Level 2.6 Stealth
 * Level 4.1 Spellcasting
 + Level 4.9 Ice Magic


You had one spell level left.
You knew the following spells:

 Your Spells              Type           Power      Damage    Failure   Level
a - Freeze                Ice            76%        1d9       2%          1
b - Frozen Ramparts       Ice            38%        1d5       6%          3
c - Ozocubu's Armour      Ice            19%        N/A       6%          3
d - Hailstorm             Conj/Ice       11%        3d5       52%         4

Your spell library contained the following spells:

 Spells                   Type           Power      Damage    Failure   Level
 Blink                    Tloc           6%         N/A       26%         2
 Lesser Beckoning         Tloc           3%         N/A       45%         3
 Manifold Assault         Tloc           3%         N/A       99%         5


Dungeon Overview and Level Annotations

Branches:
Dungeon (4/15)
 Temple: D:4-7

Altars:
Trog
Wu Jian

Annotations:
D:3 Crazy Yiuf


Innate Abilities, Weirdness & Mutations

You are immune to sickness and miasma.
Your stone body is resilient. (AC +4)
You are immune to poison.
You resist negative energy. (rN+)
You are resistant to electric shocks. (rElec)
You are resistant to unholy torment.
You are immune to petrification.
You have a pair of small horns on your head.
You possess an exceptional clarity of mind.
Your magical capacity is low. (-10% MP)
You are occasionally teleported next to monsters.


Message History

You start resting.
Magic restored.
Found a plate armour.
You see here a +0 plate armour.
Found an escape hatch in the floor.
You open the door.
Found an ornate altar of the Wu Jian Council.
There is an open door here.
There is an open door here.
There is a stone staircase leading up here.
You see here a +0 dagger.
You see here a +0 dagger.
There is a stone staircase leading down here.
Things that are here:
a +0 chain mail; a +0 club
Items here: ))) [.
Things that are here:
a +0 robe; a +0 dagger You see here a +0 dagger.
You open the door.
Casting: Ozocubu's Armour (quite dangerous; 6% risk of failure)
Confirm with . or Enter, or press ? or * to list all spells.
The spell is quite dangerous to cast (6% risk of failure)!
Continue anyway?
Casting: Frozen Ramparts (quite dangerous; 6% risk of failure)
Press: ? - help, Dir - look around, f - activate The walls around you are covered in ice.
The wall freezes Crazy Yiuf.
Crazy Yiuf hits you with a +3 quarterstaff of chaos!
Ouch! That really hurt!
You hit Crazy Yiuf but do no damage.
You headbutt Crazy Yiuf, but do no damage.
Crazy Yiuf is moderately wounded.
The wall freezes Crazy Yiuf.
Crazy Yiuf hits you with a +3 quarterstaff of chaos.
You closely miss Crazy Yiuf. Your headbutt misses Crazy Yiuf.
Crazy Yiuf is severely wounded.
The wall freezes Crazy Yiuf.
Crazy Yiuf says, "Crazy?
Crazy!?
PORCUPINE!"
Crazy Yiuf hits you with a +3 quarterstaff of chaos!
You die...

....#############...#
#########..
#...................#
#.........#
#.#.#############...#
#.#######.. #.#.# ##### ##.#
### #.#.# #.#
#.#.########### #.#
........#...#.### ### #.#
#.#.##.......#..##...#
#.########
#.#.##......####@g...#
#.#....... #)#.###.#..##
###..)# #...###### #.#.#
###### ### #.##...... #.#.#
#.##.##### ....# #.##.#
..### ############.##.# ###
#............##.#
#.###...#######.####
########..................##


You could see Crazy Yiuf.

Vanquished Creatures
  Jessica (D:3)
  Terence (D:2)
  An orc wizard (D:3)
  3 gnolls (D:3)
  2 adders
  A worm (D:2)
  A dart slug (D:1)
  6 orcs (D:3)
  6 ball pythons
  7 bats
  6 endoplasms
  3 giant cockroaches
  5 goblins
  5 hobgoblins
  3 jackals
  3 frilled lizards
  6 kobolds
  5 rats
  A bush (D:3)
66 creatures vanquished.

Notes
Turn   | Place    | Note
-------+----------+-------------------------------------------
     0 | D:1      | dracfodder the Gargoyle Ice Elementalist began the quest
                  | for the Orb.
     0 | D:1      | Reached XP level 1. HP: 10/10 MP: 3/3
   144 | D:1      | Reached XP level 2. HP: 13/15 MP: 3/5
   672 | D:1      | Reached XP level 3. HP: 4/19 MP: 0/6
   676 | D:1      | Learned a level 3 spell: Frozen Ramparts
   680 | D:1      | Learned a level 3 spell: Ozocubu's Armour
  1326 | D:2      | Noticed Terence
  1337 | D:2      | Killed Terence
  1406 | D:2      | Found a bloodstained altar of Trog.
  1448 | D:2      | Reached XP level 4. HP: 24/24 MP: 6/8
  2038 | D:3      | Found a runed translucent door.
  2039 | D:3      | Noticed Crazy Yiuf
  2156 | D:3      | Noticed Jessica
  2164 | D:3      | Killed Jessica
  2356 | D:3      | Reached XP level 5. HP: 7/28 MP: 6/10
  2356 | D:3      | Gained mutation: You have a pair of small horns on your
                  | head. [potion of mutation]
  2356 | D:3      | Gained mutation: You are occasionally teleported next to
                  | monsters. [potion of mutation]
  2356 | D:3      | Gained mutation: Your magical capacity is low. (-10% MP)
                  | [potion of mutation]
  2356 | D:3      | Gained mutation: You possess an exceptional clarity of
                  | mind. [potion of mutation]
  2832 | D:3      | Learned a level 4 spell: Hailstorm
  2838 | D:3      | Found a faded altar of an unknown god.
  3381 | D:3      | Found an ornate altar of the Wu Jian Council.
  3635 | D:3      | Slain by Crazy Yiuf

Illustrated notes

Levels and vault maps discovered:
D:1:      dpeg_arrival_brainrot, layout_loops_ring, serial_glass,
          glass_columns_b, glass_columns_a, minmay_misc_feat_more_columns
D:2:      layout_rooms, basic_altar, kennysheep_generic_room_4, uniq_terence
D:3:      layout_loops_ring, nicolae_wu_jian_immortal_techniques,
          ebering_ecumenical_altar_box, grunt_ministairs_1, minmay_hedge_maze,
          uniq_jessica, uniq_crazy_yiuf_cottage
D:4:      layout_rooms, feat_on_display, uniq_duvessa, uniq_robin, uniq_sigmund

Skill      XL: |  1  2  3  4  5 |
---------------+----------------+-----
Spellcasting   | 3 4 |  4.1
Slings         | |  0.6
Dodging        | |  1.9
Stealth        | |  2.6
Ice Magic      | |  4.9

Action                   |  1- 3 |  4- 6 || total
-------------------------+-------+-------++-------
Melee: Club              |    17 |       ||    17
       Dagger            |     5 |     8 ||    13
       Halberd           |       |    44 ||    44
       Headbutt          |       |     4 ||     4
 Fire: Hunting sling     |       |     2 ||     2
Throw: Stone             |     3 |       ||     3
 Cast: Freeze            |    37 |    18 ||    55
       Frozen Ramparts   |     1 |    14 ||    15
       Ozocubu's Armour  |       |     2 ||     2
  Use: Scroll            |     2 |     5 ||     7
       Potion            |       |     3 ||     3
Armor: Robe              |    18 |     9 ||    27
Dodge: Dodged            |    30 |    30 ||    60

Table legend: (Time is in decaauts)
 A = Elapsed time spent in this place.
 B = Non-inter-level travel time spent in this place.
 C = Inter-level travel time spent in this place.
 D = Time resting spent in this place.
 E = Time spent auto-exploring this place.
 F = Levels seen in this place.
 G = Mean time per level.
                   A        B        C        D        E       F      G
               +--------+--------+--------+--------+--------+-----+--------+
         Total |   3662 |   3627 |     35 |   1178 |   1768 |   4 |  915.5 |
       Dungeon |   3662 |   3627 |     35 |   1178 |   1768 |   4 |  915.5 |
               +--------+--------+--------+--------+--------+-----+--------+

Top non-repeatable levels by time:
     D:3: 1699 daAuts
     D:1: 1251 daAuts
     D:2: 710 daAuts
     D:4: 1 daAuts
